 Dungeon Crawl Stone Soup version 0.28-a0-1510-gd0f6b136d3 (webtiles) character file.

Game seed: 4252411136816272473

28 kae the Insei (level 3, 15/26 HPs)
             Began as a Demonspawn Transmuter on Jan 14, 2022.
             Quit the game on level 1 of the Dungeon.
             The game lasted 00:00:33 (1038 turns).

kae the Insei (Demonspawn Transmuter)               Turns: 1038, Time: 00:00:33

Health: 15/26      AC:  2    Str: 10    XL:     3   Next: 0%
Magic:  4/6        EV: 12    Int: 16    God:
Gold:   42         SH:  0    Dex: 13    Spells: 5/6 levels left

rFire   . . .      SeeInvis .     - Unarmed
rCold   . . .      Faith    .   (no shield)
rNeg    . . .      Spirit   .   a - +0 robe
rPois   .          Reflect  .   (helmet currently unavailable)
rElec   .          Harm     .   (no cloak)
rCorr   .          Rampage  .   (no gloves)
Will    .....                   (boots currently unavailable)
Stlth   +.........              (no amulet)
HPRegen 0.08/turn               (no ring)
MPRegen 0.10/turn               (no ring)

@: appendages
A: horns 2, talons 2, demonic guardian 1
a: End Transformation


You were on level 1 of the Dungeon.
You had temporarily grown beastly horns and talons.
You visited 1 branch of the dungeon, and saw 1 of its levels.

You collected 42 gold pieces.

Inventory:

Armour
 a - a +0 robe (worn)
Scrolls
 d - a scroll of identify {unknown}
 e - a scroll of blinking {unknown}
 f - a scroll of summoning {unknown}
Potions
 b - a potion of lignification {unknown}
 c - a potion of heal wounds {unknown}


   Skills:
 + Level 1.2 Fighting
 + Level 2.0 Dodging
 * Level 3.1 Unarmed Combat
 + Level 2.1 Spellcasting
 * Level 2.2 Transmutations


You had 5 spell levels left.
You knew the following spells:

 Your Spells              Type           Power      Damage    Failure   Level
a - Beastly Appendage     Tmut           16%        N/A       9%          1

Your spell library contained the following spells:

 Spells                   Type           Power      Damage    Failure   Level
 Wereblood                Tmut           8%         N/A       12%         2
 Summon Small Mammal      Summ           4%         N/A       21%         1
 Spider Form              Tmut/Pois      5%         N/A       36%         3
 Ice Form                 Ice/Tmut       5%         N/A       78%         4


Dungeon Overview and Level Annotations

Branches:
Dungeon (1/15)

Altars:


Innate Abilities, Weirdness & Mutations

You have temporarily grown beastly horns and talons.
A weak demonic guardian rushes to your aid.


Message History

A rat is nearby!
A rat is nearby!
A rat is nearby!
You hit the rat.
You kill the rat!
No target in view!
No target in view!
No target in view!
Your horns disappear.
Your talons disappear.
A hobgoblin comes into view.
The hobgoblin shouts!
The hobgoblin barely misses you.
A hobgoblin is nearby!
Casting: Beastly Appendage (safe; 10% risk of failure)
Confirm with . or Enter, or press ? or * to list all spells.
You grow a pair of large bovine horns.
Your feet morph into talons.
The hobgoblin hits you. The hobgoblin barely misses you.
A hobgoblin is nearby!
You barely miss the hobgoblin. Your headbutt misses the hobgoblin.
The hobgoblin hits you.
You are too injured to fight recklessly!
A hobgoblin is nearby!
You are too injured to fight recklessly!
You are too injured to fight recklessly!
A hobgoblin is nearby!
You are too injured to fight recklessly!
You are too injured to fight recklessly!
A hobgoblin is nearby!
You are too injured to fight recklessly!
You are too injured to fight recklessly!
You hit the hobgoblin.
You claw the hobgoblin, but do no damage.
You headbutt the hobgoblin.
You kill the hobgoblin!
You have reached level 3!
Your experience leads to an increase in your attributes!
Increase (S)trength, (I)ntelligence, or (D)exterity?
You feel clever. x2
Are you sure you want to abandon this character and quit the game? (Confirm with "yes".)

#.. ##########.####
######...@†........#
).......#######.##.# ........#
#.##.# ........# #.##.# ###
........#######....####### ...
........+.............>... ###
........#######......#.###
######..#######)###..#...#
##############.#....#..#....###.#


There were no monsters in sight!

Vanquished Creatures
  A dart slug (D:1)
  2 bats (D:1)
  2 endoplasms (D:1)
  2 giant cockroaches (D:1)
  4 goblins (D:1)
  4 hobgoblins (D:1)
  A quokka (D:1)
  2 ball pythons (D:1)
  2 kobolds (D:1)
  3 rats (D:1)
23 creatures vanquished.

Notes
Turn   | Place    | Note
-------+----------+-------------------------------------------
     0 | D:1      | kae the Demonspawn Transmuter began the quest for the Orb.
     0 | D:1      | Reached XP level 1. HP: 15/15 MP: 3/3
   288 | D:1      | Gained mutation: A weak demonic guardian rushes to your
                  | aid. [demonic ancestry]
   288 | D:1      | Reached XP level 2. HP: 20/21 MP: 3/5
   476 | D:1      | Reached skill level 3 in Unarmed Combat
   685 | D:1      | Found a faded altar of an unknown god.
   693 | D:1      | Got Plato's Tome of Summoning
  1038 | D:1      | Reached XP level 3. HP: 15/26 MP: 4/6
  1038 | D:1      | Quit the game

Illustrated notes

Levels and vault maps discovered:
D:1:      lemuel_arrival_behind_the_door_small, layout_basic,
          shapermc_ecumenical_altar_rom_forum

Skill      XL: |  1  2 |
---------------+-------+-----
Transmutations | 2 |  2.2
Dodging        | 2 |  2.0
Unarmed Combat | 3 |  3.1
Fighting       | |  1.2
Spellcasting   | |  2.1

Action                   || total
-------------------------++-------
Melee: Unarmed           ||    64
       Headbutt          ||     7
       Kick              ||    13
       Punch             ||     3
 Cast: Beastly Appendage ||    17
 Stab: Sleeping          ||     1
Armor: Robe              ||    21
Dodge: Dodged            ||    52

Table legend: (Time is in decaauts)
 A = Elapsed time spent in this place.
 B = Non-inter-level travel time spent in this place.
 C = Inter-level travel time spent in this place.
 D = Time resting spent in this place.
 E = Time spent auto-exploring this place.
 F = Levels seen in this place.
 G = Mean time per level.
                   A        B        C        D        E       F      G
               +--------+--------+--------+--------+--------+-----+--------+
         Total |   1034 |   1034 |      0 |      0 |    851 |   1 | 1034.0 |
       Dungeon |   1034 |   1034 |      0 |      0 |    851 |   1 | 1034.0 |
               +--------+--------+--------+--------+--------+-----+--------+

Top non-repeatable levels by time:
     D:1: 1034 daAuts
